 Dungeon Sprint DCSS version 0.29-a0-824-gd827844252 (webtiles) character file.

Game seed: 17406066255719979974

17377 mhtbhm the Imperceptible (level 12, 0/135 HPs)
             Began as a Kobold Berserker on July 10, 2022.
             Was the Champion of Trog.
             Slain by the 27-headed Lernaean hydra (4 damage)
             ... in the Dungeon (Sprint III: "The Ten Rune Challenge").
             The game lasted 00:06:59 (2602 turns).

mhtbhm the Imperceptible (Kobold Berserker)         Turns: 2602, Time: 00:07:00

Health: 0/135      AC:  2    Str: 14    XL:     12   Next: 81%
Magic:  12/12      EV: 26    Int:  7    God:    Trog [******]
Gold:   31         SH:  4    Dex: 19    Spells: 11/11 levels left

rFire   . . .      SeeInvis .   a - +12 rapier of Action {vorpal, rPois rN+}
rCold   . . .      Faith    +   (no shield)
rNeg    + . .      Spirit   .   b - +0 animal skin
rPois   +          Reflect  .   o - +0 hat
rElec   .          Harm     .   (no cloak)
rCorr   .          Rampage  .   (no gloves)
Will    .....      NoTele   +   (no boots)
Stlth   ..........              p - amulet of faith
HPRegen 0.32/turn               (no ring)
MPRegen 0.13/turn               (no ring)

@: berserking, very quick
A: small, no large weapons, nightstalker 3, antennae 1, large bone plates 1,
dopey 1
a: Renounce Religion, Berserk, Trog's Hand, Brothers in Arms


You were in the Dungeon.
You worshipped Trog.
Trog was exalted by your worship.
You visited 1 branch You collected 31 gold pieces.

Inventory:

Hand Weapons
 a - the +12 rapier of Action (weapon) {vorpal, rPois rN+}
   (Trog gifted it to you in the Dungeon)

   It inflicts extra damage upon your enemies.
   rPois:     It protects you from poison.
   rN:        It protects you from negative energy.
 c - a +7 vorpal quick blade
Armour
 b - a +0 animal skin (worn)
 o - a +0 hat (worn)
Jewellery
 p - an amulet of faith (around neck)
Wands
 n - a wand of iceblast (2)
Scrolls
 h - a scroll of blinking
 j - 2 scrolls of torment {unknown}
 k - 3 scrolls of identify
Potions
 d - a potion of heal wounds
 f - 2 potions of magic
 g - 2 potions of berserk rage
 i - 2 potions of mutation
 l - a potion of resistance {unknown}
 m - 4 potions of flight
 q - a potion of lignification {unknown}
 r - a potion of degeneration {unknown}
Miscellaneous
 e - a box of beasts (inert)


   Skills:
 + Level 16.9 Fighting
 + Level 20.1 Short Blades
 + Level 5.3 Armour
 + Level 15.0 Dodging
 + Level 23.5 Stealth
 + Level 4.3 Shields
 + Level 5.0 Evocations


You had 11 spell levels left.
You didn't know any spells.
Your spell library was empty.

Dungeon Overview and Level Annotations

Branches:
Dungeon (1/1)

Altars:
Cheibriados
Dithmenos
Elyvilon
Fedhas
Gozag
Hepliaklqana
Kikubaaqudgha
Makhleb
Nemelex Xobeh
Okawaru
Qazlal
Ru
Sif Muna
Trog
Uskayaw
Vehumet
Wu Jian
Xom
Yredelemnul
Zin
The Shining One
Jiyva
Lugonu

Shops:
D ?[=

Annotations:
D Lernaean hydra


Innate Abilities, Weirdness & Mutations

You are small and have problems with some larger weapons.
You are completely attuned to the shadows.
You have a pair of small antennae on your head.
You are partially covered in large bone plates. (SH +4)
You are dopey. (Int -2)


Message History

The 27-headed Lernaean hydra bites your stone giant!
The 27-headed Lernaean hydra bites your stone giant but does no damage. x2
The 27-headed Lernaean hydra bites your stone giant!
The 27-headed Lernaean hydra bites your stone giant.
The 27-headed Lernaean hydra bites your stone giant! x3
Your stone giant dies!
Your stone giant's corpse disappears in a puff of smoke!
Unknown command.
A red film seems to cover your vision as you go berserk!
You feel yourself moving faster!
You feel mighty!
Your juvenile shockbat beast hits the 27-headed Lernaean hydra!
Unknown command.
You impale the 27-headed Lernaean hydra!!
The 27-headed Lernaean hydra is severely wounded.
Unknown command.
You puncture the 27-headed Lernaean hydra!
The 27-headed Lernaean hydra is severely wounded.
Unknown command.
You puncture the 27-headed Lernaean hydra!
The 27-headed Lernaean hydra is severely wounded.
The 27-headed Lernaean hydra bites you.
The 27-headed Lernaean hydra bites you! x2
The 27-headed Lernaean hydra bites you.
The 27-headed Lernaean hydra bites you! x2
The 27-headed Lernaean hydra completely misses you.
The 27-headed Lernaean hydra bites you!
The 27-headed Lernaean hydra barely misses you.
The 27-headed Lernaean hydra closely misses you.
The 27-headed Lernaean hydra bites you! The 27-headed Lernaean hydra bites you.
* * * LOW HITPOINT WARNING * * *
The 27-headed Lernaean hydra misses you.
The 27-headed Lernaean hydra closely misses you.
The 27-headed Lernaean hydra barely misses you.
The 27-headed Lernaean hydra bites you!
* * * LOW HITPOINT WARNING * * *
The 27-headed Lernaean hydra bites you!
* * * LOW HITPOINT WARNING * * *
The 27-headed Lernaean hydra misses you.
The 27-headed Lernaean hydra bites you!
* * * LOW HITPOINT WARNING * * *
The 27-headed Lernaean hydra bites you.
You die...

#.♣♣ #♣.♣
♣.♣♣ ♣♣.♣
...φ ♣.♣♣
..D. ♣.♣♣
D...
♣..♣♣#≈..#
♣♣.♣♣.####♣♣
♣♣[♣.)≈HD@♣
♣♣..♣♣♣♣♣♣≈♣
♣P≈.≈§P§P§.♣
♣≈P≈.§§§§§§♣
♣.♣..P.§§§≈♣
♣♣♣♣♣♣♣♣§§∩♣
♣♣♣♣♣


You could see the 27-headed Lernaean hydra (ally target) and a friendly juvenile
shockbat beast (summoned).

Vanquished Creatures
  Rupert (D)
  Gastronok (D)
  2 dire elephants (D)
  Erolcha (D)
  A hydra (D)
  4 death yaks (D)
  Urug (D)
  3 swamp dragons (D)
  A lindwurm (D)
  A deep elf pyromancer (D)
  2 elephants (D)
  2 black mambas (D)
  2 cane toads (D)
  A komodo dragon (D)
  A rime drake (D)
  2 tyrant leeches (D)
  6 blink frogs (D)
  A shadow (D)
  5 redbacks (D)
  A spatial vortex (D)
  3 swamp drakes (D)
  5 two-headed ogres (D)
  3 wandering mushrooms (D)
  A water elemental (D)
  A necrophage (D)
  A scorpion (D)
  A jelly (D)
  Jessica (D)
  A wizard (D)
  A necromancer (D)
  3 humans (D)
  A kobold demonologist (D)
  3 rats (D)
64 creatures vanquished.

Vanquished Creatures (collateral kills)
  2 blink frogs (D)
2 creatures vanquished.

Vanquished Creatures (others)
  3 plants (D)
3 creatures vanquished.

Grand Total: 69 creatures vanquished

Notes
Turn   | Place    | Note
-------+----------+-------------------------------------------
     0 | D        | mhtbhm the Kobold Berserker began the quest for the Orb.
     0 | D        | Reached XP level 1. HP: 14/14 MP: 1/1
    44 | D        | Reached ** piety under Trog
    46 | D        | Noticed Jessica
    49 | D        | Killed Jessica
    50 | D        | Reached skill level 5 in Fighting
    50 | D        | Reached XP level 2. HP: 21/21 MP: 2/2
    50 | D        | Reached XP level 3. HP: 26/26 MP: 3/3
    68 | D        | Noticed a scorpion
    76 | D        | Killed a scorpion
    77 | D        | Reached skill level 1 in Stealth
    77 | D        | Reached XP level 4. HP: 24/32 MP: 4/4
   164 | D        | Reached *** piety under Trog
   165 | D        | Reached XP level 5. HP: 26/37 MP: 5/5
   181 | D        | Gained mutation: You are partially covered in large bone
                  | plates. (SH +4) [potion of mutation]
   181 | D        | Gained mutation: You are dopey. (Int -2) [potion of
                  | mutation]
   181 | D        | Gained mutation: You have a pair of small antennae on your
                  | head. [potion of mutation]
   250 | D        | Noticed a water elemental
   253 | D        | Killed a water elemental
   254 | D        | Reached skill level 2 in Stealth
   263 | D        | Found a shadowy altar of Dithmenos.
   264 | D        | Found a basalt altar of Yredelemnul.
   264 | D        | Found a sacrificial altar of Ru.
   266 | D        | Reached skill level 5 in Dodging
   266 | D        | Reached skill level 3 in Stealth
   266 | D        | Reached XP level 6. HP: 44/44 MP: 6/6
   266 | D        | Reached **** piety under Trog
   267 | D        | Reached skill level 10 in Short Blades
   283 | D        | Found a radiant altar of Vehumet.
   284 | D        | Found a shimmering blue altar of Sif Muna.
   284 | D        | Found an ancient bone altar of Kikubaaqudgha.
   286 | D        | Reached skill level 4 in Stealth
   298 | D        | Found a glowing silver altar of Zin.
   299 | D        | Found a glowing golden altar of the Shining One.
   299 | D        | Found a white marble altar of Elyvilon.
   299 | D        | Noticed a deep elf pyromancer
   301 | D        | Killed a deep elf pyromancer
   301 | D        | Reached ***** piety under Trog
   302 | D        | Reached skill level 10 in Fighting
   302 | D        | Reached skill level 7 in Stealth
   302 | D        | Reached XP level 7. HP: 53/53 MP: 7/7
   302 | D        | Reached XP level 8. HP: 59/59 MP: 8/8
   313 | D        | Found a hide-covered altar of Uskayaw.
   313 | D        | Found an iron altar of Okawaru.
   314 | D        | Found a bloodstained altar of Trog.
   314 | D        | Found an ornate altar of the Wu Jian Council.
   314 | D        | Noticed a human
   314 | D        | Noticed a human
   326 | D        | Killed a human
   327 | D        | Reached skill level 8 in Stealth
   339 | D        | Killed a human
   381 | D        | Noticed a shadow
   383 | D        | Killed a shadow
   384 | D        | Reached skill level 9 in Stealth
   389 | D        | Found a blossoming altar of Fedhas.
   389 | D        | Found a stormy altar of Qazlal.
   390 | D        | Found a snail-covered altar of Cheibriados.
   390 | D        | Found a burning altar of Makhleb.
   390 | D        | Found a hazy altar of Hepliaklqana.
   390 | D        | Found a shimmering altar of Xom.
   390 | D        | Found an opulent altar of Gozag.
   390 | D        | Found a sparkling altar of Nemelex Xobeh.
   390 | D        | Found a corrupted altar of Lugonu.
   390 | D        | Found a viscous altar of Jiyva.
   393 | D        | Reached skill level 1 in Evocations
   417 | D        | Reached skill level 10 in Stealth
   419 | D        | Reached XP level 9. HP: 65/65 MP: 9/9
   424 | D        | Reached skill level 15 in Short Blades
   428 | D        | Noticed a two-headed ogre
   440 | D        | Killed a two-headed ogre
   441 | D        | Reached skill level 5 in Armour
   441 | D        | Reached skill level 11 in Stealth
   507 | D        | Noticed a two-headed ogre
   507 | D        | Noticed Erolcha
   524 | D        | Killed Erolcha
   524 | D        | Reached ****** piety under Trog
   525 | D        | Reached skill level 13 in Stealth
   533 | D        | Killed a two-headed ogre
   716 | D        | Reached skill level 14 in Stealth
   716 | D        | Reached XP level 10. HP: 39/73 MP: 10/10
   874 | D        | Received a gift from Trog
  1213 | D        | Noticed a cane toad
  1213 | D        | Noticed a komodo dragon
  1213 | D        | Noticed a cane toad
  1222 | D        | Killed a cane toad
  1223 | D        | Reached skill level 15 in Stealth
  1236 | D        | Killed a cane toad
  1247 | D        | Killed a komodo dragon
  1248 | D        | Reached skill level 10 in Dodging
  1248 | D        | Reached skill level 16 in Stealth
  1248 | D        | Reached skill level 1 in Shields
  1460 | D        | Identified the +12 rapier of Action {vorpal, rPois rN+}
                  | (Trog gifted it to you in the Dungeon)
  1460 | D        | Received a gift from Trog
  1477 | D        | Reached skill level 17 in Stealth
  1532 | D        | Noticed a lindwurm
  1536 | D        | Killed a lindwurm
  1544 | D        | Reached XP level 11. HP: 80/80 MP: 11/11
  1544 | D        | Noticed Urug
  1546 | D        | Killed Urug
  1546 | D        | Received a gift from Trog
  1547 | D        | Reached skill level 18 in Stealth
  1657 | D        | Reached skill level 19 in Stealth
  1890 | D        | Noticed an elephant
  1891 | D        | Noticed an elephant
  1891 | D        | Noticed a dire elephant
  1891 | D        | Noticed a dire elephant
  1891 | D        | Noticed Gastronok
  1893 | D        | Killed an elephant
  1893 | D        | Received a gift from Trog
  1894 | D        | Killed an elephant
  1897 | D        | Killed a dire elephant
  1898 | D        | Reached skill level 15 in Fighting
  1898 | D        | Reached skill level 20 in Stealth
  1910 | D        | Killed a dire elephant
  1922 | D        | Killed Gastronok
  1923 | D        | Reached skill level 21 in Stealth
  2000 | D        | Noticed an azure jelly
  2000 | D        | Noticed an azure jelly
  2004 | D        | Noticed Rupert
  2008 | D        | Killed Rupert
  2009 | D        | Reached XP level 12. HP: 88/88 MP: 12/12
  2017 | D        | Noticed a death yak
  2018 | D        | Noticed a death yak
  2018 | D        | Noticed a death yak
  2027 | D        | Killed a death yak
  2027 | D        | Received a gift from Trog
  2032 | D        | Noticed a death yak
  2033 | D        | Killed a death yak
  2034 | D        | Reached skill level 22 in Stealth
  2040 | D        | Killed a death yak
  2046 | D        | Killed a death yak
  2404 | D        | Received a gift from Trog
  2426 | D        | Noticed a swamp dragon
  2428 | D        | Noticed a swamp dragon
  2437 | D        | Killed a swamp dragon
  2438 | D        | Reached skill level 23 in Stealth
  2448 | D        | Killed a swamp dragon
  2551 | D        | Found Dyinlur's Magic Scroll Shoppe.
  2552 | D        | Found Sedurph's Antique Armour Boutique.
  2552 | D        | Noticed a swamp dragon
  2553 | D        | Found Xotiun's Jewellery Emporium.
  2554 | D        | Killed a swamp dragon
  2569 | D        | Noticed a six-headed hydra
  2569 | D        | Noticed the 27-headed Lernaean hydra
  2575 | D        | Killed a six-headed hydra
  2575 | D        | Received a gift from Trog
  2576 | D        | Reached skill level 15 in Dodging
  2576 | D        | Reached skill level 5 in Evocations
  2602 | D        | HP: 4/135 [the 27-headed Lernaean hydra (17)]
  2602 | D        | Slain by the 27-headed Lernaean hydra

Illustrated notes

Levels and vault maps discovered:
D:        dungeon_sprint_mu [sprint_mu_entry_cave, sprint_mu_temple_rooms,
          sprint_mu_d1_spiders, sprint_mu_d2_genie, sprint_mu_d3_branching,
          sprint_mu_orc_legion, sprint_mu_elf_gauntlet, sprint_mu_hive_nellie,
          sprint_mu_lair_fedhas, sprint_mu_vaults_butterflies,
          sprint_mu_slime_circle, sprint_mu_swamp_cave, sprint_mu_shoals_kraken,
          sprint_mu_blade_basic, sprint_mu_crypt_fortress,
          sprint_mu_tomb_spiral, sprint_mu_vestibule_basic,
          sprint_mu_gehenna_hellfire, sprint_mu_dis_giant,
          sprint_mu_tartarus_statrot, sprint_mu_cocytus_islands, sprint_mu_zot1]

Skill      XL: |  1  2  3  4  5  6  7  8  9 10 11 12 |
---------------+-------------------------------------+-----
Fighting       | 5 6 8 10 12 13 14 15 16 | 16.9
Short Blades   | 6 8 9 13 14 16 17 18 20 | 20.1
Armour         | 2 3 4 5 |  5.3
Dodging        | 3 4 5 6 7 8 11 13 15 | 15.0
Stealth        | 1 3 7 10 14 17 21 23 | 23.5
Evocations     | 1 2 3 4 5 |  5.0
Shields        | 1 3 4 |  4.3

Action                   |  1- 3 |  4- 6 |  7- 9 | 10-12 || total
-------------------------+-------+-------+-------+-------++-------
Melee: Short sword       |    10 |       |       |       ||    10
       Dagger            |     4 |    15 |    58 |    74 ||   151
       Rapier            |       |       |       |   121 ||   121
       Punch             |       |       |       |     4 ||     4
Invok: Berserk           |       |       |     2 |     5 ||     7
       Brothers in Arms  |       |       |       |     1 ||     1
Evoke: Wand              |       |       |     3 |     1 ||     4
       Box of beasts     |       |       |       |     4 ||     4
  Use: Potion            |       |     1 |     1 |     3 ||     5
 Stab: Sleeping          |     1 |     6 |     6 |    15 ||    28
       Distracted        |       |       |       |     2 ||     2
Armor: Animal skin       |       |       |     3 |     2 ||     5
Dodge: Dodged            |     6 |     4 |    20 |   101 ||   131
Block: Other             |       |       |     8 |    19 ||    27

Table legend: (Time is in decaauts)
 A = Elapsed time spent in this place.
 B = Non-inter-level travel time spent in this place.
 C = Inter-level travel time spent in this place.
 D = Time resting spent in this place.
 E = Time spent auto-exploring this place.
 F = Levels seen in this place.
 G = Mean time per level.
                   A        B        C        D        E       F      G
               +--------+--------+--------+--------+--------+-----+--------+
         Total |   2508 |   2508 |      0 |   1773 |     34 |   1 | 2508.0 |
       Dungeon |   2508 |   2508 |      0 |   1773 |     34 |   1 | 2508.0 |
               +--------+--------+--------+--------+--------+-----+--------+

Top non-repeatable levels by time:
       D: 2508 daAuts
